 Dungeon Crawl Stone Soup version 0.21.1-1-g345015f (webtiles) character file.

16 Fang the Skirmisher (level 2, -5/28 HPs)
             Began as a Gargoyle Berserker on June 4, 2018.
             Was a Follower of Trog.
             Slain by a worm (8 damage)
             ... on level 2 of the Dungeon.
             The game lasted 00:00:54 (776 turns).

Fang the Skirmisher (Gargoyle Berserker)             Turns: 776, Time: 00:00:55

Health: -5/28      AC:  6    Str: 25    XL:     2   Next: 58%
Magic:  2/2        EV: 12    Int:  7    God:    Trog [*.....]
Gold:   35         SH:  0    Dex:  9    Spells: 1/1 levels left

rFire    . . .     SeeInvis .   a - +0 hand axe
rCold    . . .     Gourm    .   (no shield)
rNeg     + . .     Faith    .   b - +0 animal skin
rPois    ∞         Spirit   .   (no helmet)
rElec    +         Reflect  .   l - +0 cloak (curse)
rCorr    .         Harm     .   (no gloves)
MR       .....                  (no boots)
Stlth    ..........             i - amulet of magic regeneration
HPRegen  0.09/turn              (no ring)
MPRegen  0.33/turn              (no ring)

@: berserking, very quick
A: negative energy resistance 1, electricity resistance, unbreathing,
petrification resistance, rot immunity, AC +2
a: Berserk, Burn Spellbooks, Renounce Religion


You were on level 2 of the Dungeon.
You worshipped Trog.
Trog was aware of your devotion.
You were not hungry.

You visited 1 branch of the dungeon, and saw 2 of its levels.

You collected 35 gold pieces.

Inventory:

Hand Weapons
 a - a +0 hand axe (weapon)
Armour
 b - a +0 animal skin (worn)
 e - a scarf of repulsion
 l - a cursed +0 cloak (worn)
Jewellery
 i - an amulet of magic regeneration (around neck)
 k - an uncursed amulet of the gourmand
Scrolls
 g - a scroll of remove curse {unknown}
 h - 2 scrolls of immolation {unknown}
 j - a scroll of enchant weapon {unknown}
Potions
 d - a potion of heal wounds {unknown}
 f - a potion of curing {unknown}
Comestibles
 c - 3 rations


   Skills:
 + Level 3.5 Fighting
 + Level 3.0 Axes
 + Level 2.2 Armour
 + Level 1.8 Dodging
 + Level 0.2 Stealth


You had one spell level left.
You didn't know any spells.

Dungeon Overview and Level Annotations

Branches:
Dungeon (2/15)

Altars:


Innate Abilities, Weirdness & Mutations

You are resistant to torment.
Your stone body is resilient. (AC +2)
You are immune to poison.
You resist negative energy. (rN+)
You are resistant to electric shocks. (rElec)
You can survive without breathing.
You are immune to petrification.
You are immune to rotting.


Message History

You are too injured to fight recklessly!
You are too injured to fight recklessly!
You are too injured to fight recklessly!
You are too injured to fight recklessly!
You are too injured to fight recklessly!
You are too injured to fight recklessly!
You are too injured to fight recklessly!
You are too injured to fight recklessly!
You are too injured to fight recklessly!
A red film seems to cover your vision as you go berserk!
You feel yourself moving faster!
You feel mighty!
You feel a lot more hungry. The worm barely misses you.
You feel a strong urge to attack something.
A hobgoblin comes into view.
The hobgoblin shouts!
Unknown command.
You slash the worm!
The worm is moderately wounded.
The worm bites you!
You die...

.. ##### ###### #.#
#####...#### ...... ...
............
......##.########...####
..g....#.#..............
.........#.######...####
........<#.###..........
.>..w...................
.......@.#.###.#########
......#w##.# #.# #######
......!g.#.# #.# #......
.........#.# #.# #......
#........... ... .......
......#..#.# #.# #......
#..........# #)# #......
######..### #.# #......
.(. #......


You could see a worm, a dart slug and 2 hobgoblins.

Vanquished Creatures
  3 dart slugs (D:1)
  3 giant cockroaches
  A hobgoblin (D:1)
  A kobold (D:1)
  2 bats (D:1)
10 creatures vanquished.

Notes
Turn   | Place    | Note
-------+----------+-------------------------------------------
     0 | D:1      | Fang the Gargoyle Berserker began the quest for the Orb.
     0 | D:1      | Reached XP level 1. HP: 14/14 MP: 1/1
   287 | D:1      | Reached XP level 2. HP: 18/19 MP: 2/2
   776 | D:2      | Slain by a worm

Skill      XL: |  1  2 |
---------------+-------+-----
Axes           | 3 |  3.0
Fighting       | |  3.5
Armour         | |  2.2
Dodging        | |  1.8
Stealth        | |  0.2

Action                   || total
-------------------------++-------
Melee: Hand axe          ||    38
Invok: Berserk           ||     1
Armor: Animal skin       ||    10
Dodge: Dodged            ||    23
